 Dungeon Crawl Stone Soup version 0.20.2-3-g29329e0561 (webtiles) character file.

236 Alfie the Shield-Bearer (level 6, -2/53 HPs)
             Began as a Hill Orc Fighter on Sept 21, 2022.
             Slain by Alfie's ghost (9 damage)
             ... on level 4 of the Dungeon.
             The game lasted 00:09:23 (2452 turns).

Alfie the Shield-Bearer (Hill Orc Fighter)          Turns: 2452, Time: 00:09:24

Health: -2/53      AC:  7    Str: 26    XL:     6   Next: 6%
Magic:  6/6        EV:  8    Int:  8    God:
Gold:   196        SH: 10    Dex: 10    Spells: 5/5 levels left

rFire    + . .     SeeInvis .   a - +2 rapier
rCold    . . .     Gourm    .   c - +0 shield
rNeg     . . .     Faith    .   b - +0 scale mail
rPois    .         Spirit   .   (no helmet)
rElec    .         Reflect  .   (no cloak)
rCorr    .         Harm     .   (no gloves)
MR       .....                  (no boots)
Stlth    ..........             (no amulet)
Regen    0.2/turn               s - ring of protection from fire
MPRegen  0.1/turn               (no ring)

@: mighty
A: no striking features
a: no special abilities


You were on level 4 of the Dungeon.
You were hungry.

You visited 1 branch of the dungeon, and saw 4 of its levels.

You collected 196 gold pieces.

Inventory:

Hand Weapons
 a - a +2 rapier (weapon)
Armour
 b - a +0 scale mail (worn)
 c - a +0 shield (worn)
Jewellery
 s - a ring of protection from fire (left hand)
Scrolls
 e - 2 scrolls of remove curse
 l - 4 scrolls of teleportation
 m - a scroll of recharging
 r - 3 scrolls of identify
Potions
 g - 2 potions of curing
 h - a potion of ambrosia {unknown}
 i - a potion of lignification {unknown}
 j - 2 potions of heal wounds {unknown}
 o - a potion of resistance {unknown}
 p - a potion of agility {unknown}
Comestibles
 f - 2 bread rations
 n - 4 fruits


   Skills:
 + Level 4.4 Fighting
 + Level 3.4 Short Blades
 + Level 4.3 Armour
 + Level 1.2 Dodging
 + Level 4.7 Shields


You had 5 spell levels left.
You didn't know any spells.

Dungeon Overview and Level Annotations

Branches:
Dungeon (4/15)
 Temple: D:4-7

Altars:
Dithmenos
Gozag
Okawaru
Ru
Vehumet

Annotations:
D:4 Alfie's ghost, amateur HOFi


Message History

You kill the worker ant!
You have reached level 6!
Your experience leads to an increase in your attributes!
Your base attributes are Str 20, Int 8, Dex 10.
Increase (S)trength, (I)ntelligence, or (D)exterity?
You feel stronger.
You are feeling hungry.
It was a potion of curing.
You feel better.
Alfie's ghost (amateur Hill Orc Fighter) comes into view.
Alfie's ghost turns its malevolent gaze towards you.
Alfie's ghost whispers, "Death is liberation."
You see here a giant club.
Found a meat ration, 26 bolts and a scroll of remove curse.
There is an open door here.
Alfie's ghost hits you!
* * * LOW HITPOINT WARNING * * *
You impale Alfie's ghost!!
Alfie's ghost is moderately damaged.
Alfie's ghost hits you!
You die...

*,,*,* *,,,,*#.....##...,......
*,,*,* *,,,,*#.....##.......###
*,,*,*****+**#.....##.....,,*
*,,*,,,,,,,* #....)...,,,,,,*
*,,****#**** #.#######*,,*,**
*,,,,,,,..,* #)# **,*,****
*,*,,,,**#.###'####### *,,,,,,,
*,*,,,,* #...........#***,,****
*,*,,,,* #....@.......,,,,>,,,,
***,*******#....W......#***,,,,,,
,,,,,,,,,,*#..........%# *,,,,,,,
,,,,*****,*#...........# *,,,,,**
,,,,* *,*#...........# *,,,,,*
,,,,* *,*#.?..(......# *,,,,,*
,,,,* *,*#...........# *,,,,,*
,,,,* *,*#...........#**,,,,,*
,,,,* *,**,,,,,,,,,,,,********


You could see Alfie's ghost.

Vanquished Creatures
  An ogre (D:4)
  A worker ant (D:4)
  3 gnolls (D:2)
  3 adders
  An adder skeleton (D:4)
  A worm (D:2)
  2 dart slugs (D:1)
  2 leopard geckos
  An orc (D:4)
  3 giant cockroaches
  6 goblins
  3 hobgoblins
  7 jackals
  6 kobolds
  A ball python (D:1)
  9 bats
  A frilled lizard (D:2)
  A jackal skeleton (D:4)
  12 rats
64 creatures vanquished.

Notes
Turn   | Place    | Note
-------+----------+-------------------------------------------
     0 | D:1      | Alfie the Hill Orc Fighter began the quest for the Orb.
     0 | D:1      | Reached XP level 1. HP: 19/19 MP: 1/1
    80 | D:1      | Reached XP level 2. HP: 15/27 MP: 2/2
   389 | D:1      | Reached XP level 3. HP: 32/33 MP: 3/3
   971 | D:2      | Found a radiant altar of Vehumet.
  1184 | D:2      | Reached XP level 4. HP: 26/40 MP: 4/4
  1843 | D:3      | Found an iron altar of Okawaru.
  1955 | D:3      | Reached XP level 5. HP: 46/46 MP: 5/5
  2055 | D:3      | Found an opulent altar of Gozag.
  2219 | D:3      | Found a shadowy altar of Dithmenos.
  2351 | D:3      | Found a sacrificial altar of Ru.
  2432 | D:4      | Noticed an ogre
  2440 | D:4      | Killed an ogre
  2440 | D:4      | Reached skill level 1 in Dodging
  2446 | D:4      | Reached XP level 6. HP: 5/53 MP: 6/6
  2448 | D:4      | Noticed Alfie's ghost (amateur HOFi)
  2452 | D:4      | Slain by Alfie's ghost

Skill      XL: |  1  2  3  4  5 |
---------------+----------------+-----
Fighting       | 4 |  4.4
Shields        | 4 |  4.7
Short Blades   | 3 |  3.4
Armour         | 4 |  4.3
Dodging        | 1 |  1.2

Action                   |  1- 3 |  4- 6 || total
-------------------------+-------+-------++-------
Melee: Rapier            |   168 |    92 ||   260
  Use: Scroll            |       |    12 ||    12
       Potion            |       |     2 ||     2
  Eat: Royal jelly       |     1 |     1 ||     2
       Fruit             |       |     1 ||     1
Armor: Scale mail        |   115 |    46 ||   161
Dodge: Dodged            |    64 |    40 ||   104
Block: Shield            |   105 |    57 ||   162
